 Dungeon Crawl Stone Soup version 0.31-a0-221-gbddc013574 (webtiles) character file.

Game seed: 567690811320429989

48442 qw the Cleaver (level 14, 0/90 HPs)
             Began as a Gargoyle Fighter on July 4, 2023.
             Was an Elder of Okawaru.
             Slain by a tengu reaver
             ... wielding a +3 great sword of holy wrath
              (23 damage)
             ... on level 12 of the Dungeon.
             The game lasted 00:09:28 (16540 turns).

qw the Cleaver (Gargoyle Fighter)                  Turns: 16540, Time: 00:09:29

Health: 0/90       AC: 42    Str: 23    XL:     14   Next: 46%
Magic:  20/21      EV: 15    Int: 14    God:    Okawaru [****..]
Gold:   1120       SH: 14    Dex: 12    Spells: 13/13 levels left

rFire   . . .        A - +7 war axe of a volcano {flame, Dex+3}
rCold   . . .        u - +2 kite shield
rNeg    + . .        v - +3 plate armour
rPois   inf          g - +1 helmet {Int+3}
rElec   +            s - +0 cloak
rCorr   .            x - +0 pair of gloves
SInv    .            z - +0 pair of boots
Will    +....        p - amulet of regeneration Stlth
                     B - +5 ring of evasion
HPRegen 1.15/turn    w - +4 ring of protection
MPRegen 0.17/turn

%: no passive effects
@: about to teleport, heroic, flying
A: sickness immunity, AC +10, big wings, negative energy resistance 1,
electricity resistance, torment resistance 1, petrification resistance
a: Renounce Religion, Heroism, Finesse


You were on level 12 of the Dungeon.
You worshipped Okawaru.
Okawaru was greatly pleased with you.
You visited 3 branches of the dungeon, and saw 18 of its levels.
You also visited: Sewer and Ossuary.

You collected 1351 gold pieces.
You spent 231 gold pieces at shops.


Innate Abilities, Weirdness & Mutations

You are immune to sickness and miasma.
Your stone body is resilient. (AC +10)
You are immune to poison.
Your large and strong wings let you fly.
You resist negative energy. (rN+)
You are resistant to electric shocks. (rElec)
You are resistant to unholy torment.
You are immune to petrification.


   Skills:
 - Level 11.0(16.0) Fighting
 - Level 14.7(19.7) Axes
 - Level 6.0(11.0) Throwing
 - Level 11.0(16.0) Armour
 - Level 3.2(8.2) Dodging
 + Level 8.7(13.7) Shields
 - Level 10.0 Invocations


You had 13 spell levels left.
You didn't know any spells.
Your spell library was empty.

Inventory:

Hand Weapons
 n - a +0 spectral war axe
 A - the +7 war axe of a volcano (weapon) {flame, Dex+3}
   (You found it on level 11 of the Dungeon)

   Dex:       It affects your dexterity (+3).
 F - a +0 broad axe
Missiles
 i - 6 boomerangs
 y - 3 silver javelins (quivered)
Armour
 g - a +1 helmet of intelligence (worn)
 s - a +0 cloak (worn)
 u - a +2 kite shield (worn)
 v - a +3 plate armour (worn)
 x - a +0 pair of gloves (worn)
 z - a +0 pair of boots (worn)
 C - +0 acid dragon scales
Jewellery
 c - a ring of willpower
 p - an amulet of regeneration (around neck)
 w - a +4 ring of protection (right hand)
 B - a +5 ring of evasion (left hand)
Wands
 f - a wand of digging (10)
Scrolls
 a - 8 scrolls of identify
 o - 4 scrolls of teleportation
 t - a scroll of enchant armour {unknown}
Potions
 b - 5 potions of heal wounds
 d - 3 potions of might
 e - 9 potions of curing
 h - 4 potions of mutation
 j - a potion of lignification
 k - 3 potions of magic
 l - 5 potions of attraction
 m - a potion of resistance {unknown}
 q - 3 potions of haste
 r - 2 potions of enlightenment

Dungeon Overview and Level Annotations

Branches:
Dungeon (12/15)            Temple (1/1) D:7            Lair (5/5) D:9
  Swamp (0/4) Lair:2        Snake (0/4) Lair:3        Slime (0/5) Lair:5
    Orc (0/2) D:9           Sewer (visited)         Ossuary (visited)

Altars:
Ashenzari
Cheibriados
Dithmenos
Elyvilon
Fedhas
Gozag
Hepliaklqana
Kikubaaqudgha
Nemelex Xobeh
Okawaru
Qazlal
Ru
Sif Muna
Trog
Uskayaw
Vehumet
Wu Jian
Xom
Yredelemnul
Zin
The Shining One
Jiyva

Shops:
D:4 [(**   D:7 (

Annotations:
D:6 exclusion: 4 iron imps
D:7 2 transporters, qw's ghost, novice DEHu
Lair:1 2 transporters
Lair:5 2 runed translucent doors


Message History

Enter note:
Enter note:
Enter note:
Enter note:
Enter note:
Enter note:
Enter note:
Enter note:
Enter note:
Enter note:
Enter note:
Enter note:
16531 ||| Stepping ~*~*~tactically~*~*~ (stealth).
16532 ||| Stepping ~*~*~tactically~*~*~ (stealth).
The tengu reaver shouts!
16535 ||| INVOKING Heroism.
You gain the combat prowess of a mighty hero.
You can no longer enter into single combat with a foe.
Okawaru will no longer gift you equipment.
The cyclops throws a large rock.
The large rock hits you but does no damage.
The tengu reaver drinks a potion.
The tengu reaver seems to grow stronger.
The tengu reaver hits you with a +3 great sword of holy wrath!!
The tengu reaver pecks you but does no damage.
The tengu reaver closely misses you.
You slash the tengu reaver! You burn the tengu reaver.
The tengu reaver is lightly wounded.
The tengu reaver hits you with a +3 great sword of holy wrath!
The tengu reaver pecks you. You block the tengu reaver's attack.
You barely miss the tengu reaver.
The tengu reaver is lightly wounded.
The tengu reaver hits you with a +3 great sword of holy wrath!!
The tengu reaver completely misses you.
The tengu reaver claws you but does no damage.
16540 ||| READING 5 scrolls of teleportation.
As you read the scroll of teleportation, it crumbles to dust.
You feel strangely unstable.
The tengu reaver hits you with a +3 great sword of holy wrath!!
You die...

## ####.##### #~~¤~¤¤¤¤¤~~#
.###
#........######~~¤¤######~¤¤
...# #............¤¤¤~8##..y
##¤~
.#.###........####¤~¤.##....
##~ .#...#........#
#~¤~.8#..### #~
.###..........# #~~>..'..
..#¤ .#
###........###~~C..'. #.C#~
.# #.........##~~~.8# #W.#~
.# #..........@Q¤~¤.# ...##¤
## ############.#¤~¤8# ..#
~~ #.##¤¤¤¤# ## ¤~~ #..
#~¤~¤~ ##.. ..¤~~~ ####.....


You could see a tengu reaver (strong) and a cyclops.

Vanquished Creatures
  Gastronok (Lair:1)
  3 hydras
  A boulder beetle (D:12)
  4 two-headed ogres
  6 death yaks
  A skyshark (Lair:2)
  Amaemon (Lair:1)
  A bog body (Lair:2)
  3 lindwurms
  4 ugly things
  An orc knight (D:11)
  A manticore (D:12)
  5 black mambas
  A torpor snail (Lair:2)
  2 molten gargoyles (Lair:5)
  2 rime drakes (Lair:4)
  An orange demon (Lair:1)
  12 cane toads
  A kobold demonologist (D:12)
  An unseen horror (D:12)
  17 komodo dragons
  2 polar bears
  A troll (D:12)
  3 blink frogs (Lair:5)
  2 slime creatures (D:12)
  2 shadows
  67 yaks
  5 wyverns
  6 basilisks
  3 steam dragons
  2 swamp worms (Lair:2)
  An acid dragon (D:12)
  8 water moccasins
  3 hell hounds (Lair:5)
  8 orc warriors
  3 ice beasts
  4 black bears
  13 wolves
  2 centaurs
  2 kobold brigands
  12 bullfrogs
  An elf zombie (Ossuary)
  5 gnoll sergeants
  8 scorpions
  21 killer bees
  2 electric eels
  A centaur zombie (Ossuary)
  8 howler monkeys
  6 lava snakes
  A human zombie (Ossuary)
  8 jellies
  7 hounds
  8 orc priests
  An iron imp (D:6)
  Terence (D:3)
  3 iguanas
  10 orc wizards
  4 hell rats (Lair:5)
  2 mummies (Ossuary)
  16 gnolls
  11 adders
  2 river rats (Sewer)
  An ufetubus (D:5)
  3 adder zombies (Ossuary)
  5 worms
  A dart slug (D:1)
  41 orcs
  18 endoplasms
  6 giant cockroaches
  6 goblins
  13 hobgoblins
  4 jackals (D:5)
  19 kobolds
  5 quokkas
  13 ball pythons
  4 bats
  2 frilled lizards
  2 goblin zombies (Ossuary)
  11 hobgoblin zombies (Ossuary)
  A jackal zombie (Ossuary)
  6 kobold zombies (Ossuary)
  11 orc zombies (Ossuary)
  8 rats
524 creatures vanquished.

Vanquished Creatures (others)
  An orc wizard (D:7)
  4 spectral weapons
5 creatures vanquished.

Grand Total: 529 creatures vanquished

Notes
Turn   | Place    | Note
-------+----------+-------------------------------------------
     0 | D:1      | qw the Gargoyle Fighter began the quest for the Orb.
     0 | D:1      | Reached XP level 1. HP: 14/14 MP: 1/1
     0 | D:1      | 0 ||| qw: Version: 0.3-a-41-g9d075ac
     0 | D:1      | 0 ||| qw: Game counter: 796
     0 | D:1      | 0 ||| qw: Melee chars always use a shield: true
     0 | D:1      | 0 ||| qw: God list: Okawaru
     0 | D:1      | 0 ||| qw: Allow faded altars: false
     0 | D:1      | 0 ||| qw: Do Orc after clearing Dungeon:15 true
     0 | D:1      | 0 ||| qw: Do second Lair branch before Depths: true
     0 | D:1      | 0 ||| qw: Lair rune preference: random
     0 | D:1      | 0 ||| qw: Goals: Normal, Zot:1-4, Slime:5, God:TSO, Crypt,
                  | Tomb, Abyss, Pan, Hells, Win
     0 | D:1      | 0 ||| PLANNING D:1-11
    24 | D:1      | Reached skill level 2 in Axes
    34 | D:1      | 34 ||| Stepping ~*~*~tactically~*~*~ (stealth).
    37 | D:1      | 37 ||| Stepping ~*~*~tactically~*~*~ (stealth).
   115 | D:1      | Reached XP level 2. HP: 19/19 MP: 2/2
   399 | D:1      | Reached skill level 3 in Axes
   476 | D:1      | Reached XP level 3. HP: 23/23 MP: 3/3
   774 | D:1      | 774 ||| UPGRADING to +0 plate armour.
   784 | D:1      | 784 ||| DROPPING +0 scale mail.
   785 | D:1      | 785 ||| READING 3 scrolls labelled LISCHA HAFAOM.
   786 | D:1      | 786 ||| READING scroll labelled SEDIOTT VANN.
   787 | D:1      | 787 ||| READING scroll labelled ZONIOTHR QIBBA.
   792 | D:1      | 792 ||| READING scroll labelled COKAST MIEQEWK.
   793 | D:1      | 793 ||| DROPPING +0 club.
   794 | D:1      | 794 ||| READING 2 scrolls of identify.
   794 | D:1      | 794 ||| IDENTIFYING fuming emerald potion
   816 | D:2      | 816 ||| STAIRDANCE
   832 | D:2      | 832 ||| Stepping ~*~*~tactically~*~*~ (stealth).
   833 | D:2      | 833 ||| Stepping ~*~*~tactically~*~*~ (stealth).
  1061 | D:2      | Reached XP level 4. HP: 28/28 MP: 4/4
  1256 | D:2      | 1256 ||| Stepping ~*~*~tactically~*~*~ (stealth).
  1302 | D:2      | Reached skill level 4 in Axes
  1576 | D:2      | 1576 ||| Stepping ~*~*~tactically~*~*~ (stealth).
  1627 | D:2      | Found a faded altar of an unknown god.
  1833 | D:2      | 1833 ||| DROPPING orb of guile.
  1834 | D:2      | 1834 ||| READING scroll labelled FIFOCHONID.
  1835 | D:2      | 1835 ||| READING 2 scrolls of identify.
  1835 | D:2      | 1835 ||| IDENTIFYING fuming puce potion
  1836 | D:2      | 1836 ||| DROPPING potion of brilliance.
  1931 | D:3      | Reached XP level 5. HP: 32/32 MP: 5/5
  1935 | D:3      | 1935 ||| READING scroll of brand weapon.
  1935 | D:3      | 1935 ||| BRANDING +0 war axe of flaming.
  1969 | D:3      | Noticed Terence
  1973 | D:3      | Killed Terence
  2164 | D:3      | Reached skill level 5 in Axes
  2260 | D:3      | 2260 ||| READING scroll labelled GUL MOAPTYSOAR.
  2261 | D:3      | 2261 ||| DRINKING 2 red potions.
  2286 | D:4      | Found Tyumm's General Store.
  2286 | D:4      | Found Upimn's General Store.
  2286 | D:4      | Found Bosuq's Weapon Boutique.
  2288 | D:4      | 2288 ||| BUYING +1 helmet of intelligence (181 gold).
  2288 | D:4      | Bought a +1 helmet of intelligence for 181 gold pieces
  2288 | D:4      | 2288 ||| BUYING scroll of identify (22 gold).
  2288 | D:4      | Bought a scroll of identify for 22 gold pieces
  2288 | D:4      | 2288 ||| UPGRADING to +1 helmet of intelligence.
  2293 | D:4      | 2293 ||| READING 2 scrolls of identify.
  2293 | D:4      | 2293 ||| IDENTIFYING fuming red potion
  2330 | D:4      | 2330 ||| READING scroll of brand weapon.
  2330 | D:4      | 2330 ||| BRANDING +0 war axe of draining.
  2331 | D:4      | 2331 ||| DROPPING +0 war axe.
  2372 | D:4      | Reached XP level 6. HP: 35/37 MP: 6/6
  2390 | D:4      | Identified the +0 quarterstaff of Ronluguj {freeze, Int+3}
  2406 | D:4      | Reached skill level 1 in Throwing
  2430 | D:4      | 2430 ||| SHOPLISTING +0 flail (49 gold, have 45).
  2430 | D:4      | 2430 ||| SHOPLISTING 3 scrolls of teleportation (126 gold,
                  | have 45).
  2430 | D:4      | 2430 ||| SHOPLISTING potion of mutation (112 gold, have
                  | 45).
  2430 | D:4      | 2430 ||| SHOPLISTING ring of positive energy (280 gold,
                  | have 45).
  2430 | D:4      | 2430 ||| BUYING scroll of identify (28 gold).
  2430 | D:4      | Bought a scroll of identify for 28 gold pieces
  2430 | D:4      | 2430 ||| SHOPLISTING scroll of teleportation (42 gold, have
                  | 17).
  2463 | D:4      | 2463 ||| Stepping ~*~*~tactically~*~*~ (stealth).
  2513 | D:4      | 2513 ||| READING scroll of brand weapon.
  2513 | D:4      | 2513 ||| BRANDING +0 heavy war axe.
  2600 | D:4      | 2600 ||| Stepping ~*~*~tactically~*~*~ (hiding).
  2601 | D:4      | 2601 ||| Stepping ~*~*~tactically~*~*~ (hiding).
  2619 | D:4      | 2619 ||| Stepping ~*~*~tactically~*~*~ (stealth).
  2873 | D:4      | Found Faimahia's Armour Emporium.
  2881 | D:4      | 2881 ||| SHOPLISTING +2 plate armour of willpower (480
                  | gold, have 47).
  2881 | D:4      | 2881 ||| SHOPLISTING +5 plate armour of Ornamental Mirth
                  | {rC+ MP+9 Dex+5 Slay-6} (794 gold, have 47).
  2956 | D:4      | 2956 ||| Stepping ~*~*~tactically~*~*~ (hiding).
  2962 | D:4      | Reached skill level 6 in Axes
  2962 | D:4      | Reached XP level 7. HP: 26/43 MP: 7/7
  3034 | D:4      | 3034 ||| Stepping ~*~*~tactically~*~*~ (stealth).
  3035 | D:4      | 3035 ||| DROPPING +0 mace.
  3036 | D:4      | 3036 ||| Stepping ~*~*~tactically~*~*~ (stealth).
  3037 | D:4      | 3037 ||| Stepping ~*~*~tactically~*~*~ (stealth).
  3038 | D:4      | 3038 ||| Stepping ~*~*~tactically~*~*~ (stealth).
  3136 | D:4      | Found a snail-covered altar of Cheibriados.
  3218 | D:4      | 3218 ||| READING scroll labelled GIENGIT OGUXT.
  3219 | D:4      | 3219 ||| READING 2 scrolls of identify.
  3219 | D:4      | 3219 ||| IDENTIFYING lumpy golden potion
  3244 | D:5      | Entered Level 5 of the Dungeon
  3245 | D:5      | 3245 ||| PLANNING SEWER
  3330 | D:5      | Reached skill level 7 in Axes
  3421 | D:5      | Found a glowing drain.
  3440 | Sewer    | Entered a sewer
  3559 | Sewer    | 3559 ||| Stepping ~*~*~tactically~*~*~ (water).
  3618 | Sewer    | 3618 ||| Stepping ~*~*~tactically~*~*~ (water).
  3624 | Sewer    | Reached XP level 8. HP: 42/48 MP: 8/8
  3677 | Sewer    | 3677 ||| Stepping ~*~*~tactically~*~*~ (water).
  3862 | Sewer    | 3862 ||| Stepping ~*~*~tactically~*~*~ (water).
  3985 | Sewer    | 3985 ||| Stepping ~*~*~tactically~*~*~ (water).
  4026 | Sewer    | Reached skill level 1 in Dodging
  4053 | Sewer    | 4053 ||| READING scroll labelled CIUGICSE JAFYG.
  4054 | Sewer    | 4054 ||| DRINKING 3 glowing dark potions.
  4076 | D:5      | 4076 ||| PLANNING D:1-11
  4093 | D:5      | 4093 ||| STAIRDANCE
  4377 | D:5      | Identified the ring "Alloesmy" {rPois MP+9 Str+4 Stlth-}
  4417 | D:5      | 4417 ||| UPGRADING to ring "Alloesmy" {rPois MP+9 Str+4
                  | Stlth-}.
  4478 | D:5      | 4478 ||| DRINKING 2 fuming sapphire potions.
  4583 | D:5      | 4583 ||| DRINKING 2 emerald potions.
  4584 | D:5      | 4584 ||| READING 2 scrolls of identify.
  4584 | D:5      | 4584 ||| IDENTIFYING bubbling puce potion
  4585 | D:5      | 4585 ||| DROPPING potion of degeneration.
  4586 | D:5      | 4586 ||| DROPPING potion of berserk rage.
  4621 | D:6      | 4621 ||| Stepping ~*~*~tactically~*~*~ (hiding).
  4639 | D:6      | 4639 ||| Stepping ~*~*~tactically~*~*~ (stealth).
  4740 | D:6      | 4740 ||| Stepping ~*~*~tactically~*~*~ (stealth).
  4761 | D:6      | Reached skill level 8 in Axes
  4905 | D:6      | Reached skill level 6 in Fighting
  5112 | D:6      | 5112 ||| DROPPING +6 ring of intelligence.
  5113 | D:6      | 5113 ||| READING scroll labelled SEURERGH GYFEAG.
  5149 | D:6      | Found a shimmering altar of Xom.
  5151 | D:6      | 5151 ||| Stepping ~*~*~tactically~*~*~ (stealth).
  5152 | D:6      | 5152 ||| Stepping ~*~*~tactically~*~*~ (stealth).
  5198 | D:6      | Reached XP level 9. HP: 55/55 MP: 9/9
  5410 | D:6      | 5410 ||| READING scroll labelled KYEKUE HOLYE.
  5649 | D:7      | Found a staircase to the Ecumenical Temple.
  5650 | D:7      | 5650 ||| PLANNING TEMPLE
  5664 | Temple   | Entered the Ecumenical Temple
  5679 | Temple   | 5679 ||| PLANNING D:1-11
  5756 | D:7      | Reached skill level 9 in Axes
  5862 | D:7      | 5862 ||| Stepping ~*~*~tactically~*~*~ (hiding).
  5864 | D:7      | 5864 ||| Stepping ~*~*~tactically~*~*~ (hiding).
  6014 | D:7      | Found Papad's Weapon Shop.
  6028 | D:7      | 6028 ||| SHOPLISTING +1 eveningstar of freezing (442 gold,
                  | have 272).
  6028 | D:7      | 6028 ||| SHOPLISTING +3 heavy morningstar (314 gold, have
                  | 272).
  6122 | D:7      | 6122 ||| Stepping ~*~*~tactically~*~*~ (hiding).
  6130 | D:7      | 6130 ||| Stepping ~*~*~tactically~*~*~ (cloud).
  6281 | D:7      | Found a shadowy altar of Dithmenos.
  6281 | D:7      | Found an iron altar of Okawaru.
  6281 | D:7      | Found a basalt altar of Yredelemnul.
  6282 | D:7      | 6282 ||| PLANNING OKAWARU WORSHIP
  6282 | D:7      | 6282 ||| READING 2 scrolls of identify.
  6282 | D:7      | 6282 ||| IDENTIFYING fuming clear potion
  6283 | D:7      | 6283 ||| DROPPING potion of ambrosia.
  6290 | D:7      | Became a worshipper of Warmaster Okawaru
  6291 | D:7      | 6291 ||| PLANNING D:1-11
  6316 | D:7      | 6316 ||| Stepping ~*~*~tactically~*~*~ (stealth).
  6317 | D:7      | 6317 ||| Stepping ~*~*~tactically~*~*~ (stealth).
  6333 | D:7      | Found a transporter.
  6337 | D:7      | Noticed qw's ghost (novice DEHu)
  6367 | D:7      | 6367 ||| Stepping ~*~*~tactically~*~*~ (hiding).
  6672 | D:7      | Found a transporter.
  6778 | D:8      | 6778 ||| PLANNING OSSUARY
  6861 | D:8      | 6861 ||| Stepping ~*~*~tactically~*~*~ (hiding).
  7004 | D:8      | Found a sand-covered staircase.
  7005 | D:8      | 7005 ||| READING scroll labelled ZEUDYXZ AWKANAR.
  7110 | Ossuary  | Entered an ossuary
  7138 | Ossuary  | 7138 ||| Stepping ~*~*~tactically~*~*~ (stealth).
  7196 | Ossuary  | 7196 ||| Stepping ~*~*~tactically~*~*~ (stealth).
  7198 | Ossuary  | 7198 ||| Stepping ~*~*~tactically~*~*~ (stealth).
  7201 | Ossuary  | 7201 ||| Stepping ~*~*~tactically~*~*~ (stealth).
  7301 | Ossuary  | 7301 ||| Stepping ~*~*~tactically~*~*~ (stealth).
  7303 | Ossuary  | 7303 ||| Stepping ~*~*~tactically~*~*~ (stealth).
  7350 | Ossuary  | Reached skill level 10 in Axes
  7353 | Ossuary  | 7353 ||| FLEEEEING.
  7414 | Ossuary  | 7414 ||| READING scroll labelled WOETSUNLOXT.
  7415 | Ossuary  | 7415 ||| DRINKING 3 glowing cyan potions.
  7428 | D:8      | 7428 ||| PLANNING D:1-11
  7515 | D:8      | Found a hide-covered altar of Uskayaw.
  7808 | D:8      | Reached * piety under Okawaru
  7809 | D:8      | Reached skill level 6 in Armour
  7809 | D:8      | 7809 ||| INVOKING Heroism.
  7848 | D:8      | Reached XP level 10. HP: 51/63 MP: 10/10
  7854 | D:8      | 7854 ||| Stepping ~*~*~tactically~*~*~ (stealth).
  7855 | D:8      | 7855 ||| Stepping ~*~*~tactically~*~*~ (stealth).
  7855 | D:8      | Found the +7 staff of the Meek {protect, meekguard}
  7856 | D:8      | 7856 ||| Stepping ~*~*~tactically~*~*~ (stealth).
  7865 | D:8      | 7865 ||| Stepping ~*~*~tactically~*~*~ (stealth).
  7867 | D:8      | 7867 ||| Stepping ~*~*~tactically~*~*~ (stealth).
  7877 | D:8      | 7877 ||| Stepping ~*~*~tactically~*~*~ (stealth).
  7880 | D:8      | 7880 ||| Stepping ~*~*~tactically~*~*~ (stealth).
  7881 | D:8      | 7881 ||| Stepping ~*~*~tactically~*~*~ (stealth).
  7899 | D:8      | 7899 ||| READING 2 scrolls of identify.
  7899 | D:8      | 7899 ||| IDENTIFYING golden potion
  7934 | D:9      | 7934 ||| STAIRDANCE
  7937 | D:8      | 7937 ||| INVOKING Heroism.
  7940 | D:8      | Reached skill level 1 in Invocations
  8139 | D:9      | Noticed a two-headed ogre
  8140 | D:9      | 8140 ||| INVOKING Heroism.
  8146 | D:9      | Killed a two-headed ogre
  8147 | D:9      | Reached skill level 3 in Throwing
  8147 | D:9      | Reached skill level 3 in Invocations
  8295 | D:9      | 8295 ||| INVOKING Heroism.
  8421 | D:9      | 8421 ||| Stepping ~*~*~tactically~*~*~ (stealth).
  8423 | D:9      | 8423 ||| Stepping ~*~*~tactically~*~*~ (hiding).
  8548 | D:9      | 8548 ||| Stepping ~*~*~tactically~*~*~ (hiding).
  8747 | D:9      | Found a blossoming altar of Fedhas.
  8755 | D:9      | Found a white marble altar of Elyvilon.
  8768 | D:9      | 8768 ||| FLEEEEING.
  8769 | D:9      | 8769 ||| FLEEEEING.
  8770 | D:9      | 8770 ||| FLEEEEING.
  8771 | D:9      | 8771 ||| FLEEEEING.
  8772 | D:9      | 8772 ||| FLEEEEING.
  8779 | D:9      | Reached ** piety under Okawaru
  8830 | D:9      | 8830 ||| FLEEEEING.
  8865 | D:9      | 8865 ||| Stepping ~*~*~tactically~*~*~ (stealth).
  8870 | D:9      | Found a staircase to the Orcish Mines.
  8872 | D:9      | 8872 ||| Stepping ~*~*~tactically~*~*~ (hiding).
  8874 | D:9      | 8874 ||| Stepping ~*~*~tactically~*~*~ (hiding).
  8875 | D:9      | 8875 ||| Stepping ~*~*~tactically~*~*~ (hiding).
  8897 | D:9      | Noticed a two-headed ogre
  8898 | D:9      | 8898 ||| Stepping ~*~*~tactically~*~*~ (stealth).
  8987 | D:9      | 8987 ||| INVOKING Heroism.
  8994 | D:9      | Killed a two-headed ogre
  8995 | D:9      | Reached skill level 11 in Axes
  9110 | D:9      | Found a staircase to the Lair.
  9111 | D:9      | 9111 ||| INVOKING Heroism.
  9212 | D:9      | 9212 ||| PLANNING LAIR
  9212 | D:9      | 9212 ||| UPGRADING to amulet of regeneration.
  9270 | Lair:1   | Entered Level 1 of the Lair of Beasts
  9281 | Lair:1   | Noticed a cane toad
  9282 | Lair:1   | 9282 ||| INVOKING Heroism.
  9288 | Lair:1   | Killed a cane toad
  9289 | Lair:1   | Reached XP level 11. HP: 68/68 MP: 14/14
  9356 | Lair:1   | Reached skill level 9 in Fighting
  9362 | Lair:1   | Noticed Amaemon
  9363 | Lair:1   | 9363 ||| INVOKING Heroism.
  9381 | Lair:1   | 9381 ||| INVOKING Heroism.
  9383 | Lair:1   | Killed Amaemon
  9427 | Lair:1   | Reached *** piety under Okawaru
  9428 | Lair:1   | 9428 ||| INVOKING Heroism.
  9487 | Lair:1   | Found a transporter.
  9539 | Lair:1   | Reached skill level 12 in Axes
  9550 | Lair:1   | 9550 ||| INVOKING Heroism.
  9622 | Lair:1   | Noticed Gastronok
  9623 | Lair:1   | 9623 ||| Stepping ~*~*~tactically~*~*~ (hiding).
  9636 | Lair:1   | 9636 ||| INVOKING Heroism.
  9645 | Lair:1   | Killed Gastronok
  9646 | Lair:1   | Reached skill level 6 in Shields
  9681 | Lair:1   | Found a transporter.
  9692 | Lair:1   | You fall into a shaft and drop 1 floor!
  9693 | Lair:2   | 9693 ||| UPGRADING to +0 pair of gloves.
  9698 | Lair:2   | 9698 ||| UPGRADING to +4 ring of protection.
  9818 | Lair:1   | 9818 ||| INVOKING Heroism.
  9957 | Lair:2   | 9957 ||| INVOKING Heroism.
  9962 | Lair:2   | Received a gift from Okawaru
  9989 | Lair:2   | 9989 ||| INVOKING Heroism.
 10034 | Lair:2   | 10034 ||| Stepping ~*~*~tactically~*~*~ (hiding).
 10155 | Lair:2   | Noticed a seven-headed hydra
 10156 | Lair:2   | 10156 ||| INVOKING Heroism.
 10159 | Lair:2   | 10159 ||| SWAPPING to -2 demon whip of venom.
 10165 | Lair:2   | Killed a seven-headed hydra
 10166 | Lair:2   | 10166 ||| SWAPPING to +0 spectral war axe.
 10203 | Lair:2   | Noticed a death yak
 10204 | Lair:2   | 10204 ||| INVOKING Heroism.
 10206 | Lair:2   | Noticed a death yak
 10210 | Lair:2   | Reached XP level 12. HP: 77/77 MP: 15/15
 10210 | Lair:2   | Noticed a skyshark
 10216 | Lair:2   | Killed a death yak
 10216 | Lair:2   | Reached **** piety under Okawaru
 10220 | Lair:2   | Reached skill level 9 in Armour
 10221 | Lair:2   | Killed a death yak
 10230 | Lair:2   | 10230 ||| INVOKING Heroism.
 10237 | Lair:2   | Reached ***** piety under Okawaru
 10238 | Lair:2   | Reached skill level 6 in Invocations
 10238 | Lair:2   | Killed a skyshark
 10252 | Lair:2   | HP: 19/77 [bog body/bolt of cold (40)]
 10253 | Lair:2   | 10253 ||| READING 3 scrolls of teleportation.
 10265 | Lair:2   | Received a gift from Okawaru
 10340 | Lair:2   | 10340 ||| DROPPING +0 flail.
 10514 | Lair:2   | 10514 ||| Stepping ~*~*~tactically~*~*~ (hiding).
 10518 | Lair:2   | 10518 ||| INVOKING Heroism.
 10529 | Lair:2   | 10529 ||| Stepping ~*~*~tactically~*~*~ (stealth).
 10722 | Lair:2   | Found a staircase to the Swamp.
 10795 | Lair:2   | 10795 ||| UPGRADING to +0 pair of boots.
 10800 | Lair:2   | 10800 ||| DROPPING scarf of harm.
 10841 | Lair:3   | 10841 ||| INVOKING Heroism.
 10860 | Lair:3   | 10860 ||| Stepping ~*~*~tactically~*~*~ (stealth).
 10867 | Lair:3   | 10867 ||| Stepping ~*~*~tactically~*~*~ (stealth).
 10914 | Lair:3   | 10914 ||| Stepping ~*~*~tactically~*~*~ (stealth).
 10921 | Lair:3   | 10921 ||| INVOKING Heroism.
 10928 | Lair:3   | Reached skill level 13 in Axes
 10994 | Lair:3   | Found a staircase to the Snake Pit.
 11063 | Lair:3   | Received a gift from Okawaru
 11094 | Lair:3   | Noticed a death yak
 11094 | Lair:3   | Noticed a death yak
 11094 | Lair:3   | Noticed a death yak
 11095 | Lair:3   | 11095 ||| INVOKING Heroism.
 11096 | Lair:3   | 11096 ||| INVOKING Finesse.
 11096 | Lair:3   | Noticed a death yak
 11105 | Lair:3   | Killed a death yak
 11110 | Lair:3   | Killed a death yak
 11111 | Lair:3   | Reached XP level 13. HP: 54/82 MP: 19/19
 11113 | Lair:3   | Reached skill level 9 in Invocations
 11227 | Lair:3   | 11227 ||| Stepping ~*~*~tactically~*~*~ (stealth).
 11237 | Lair:3   | Identified the +0 hat of Exiuw {Str+4 Int+3} (Okawaru
                  | gifted it to you on level 3 of the Lair of Beasts)
 11237 | Lair:3   | Received a gift from Okawaru
 11442 | Lair:3   | 11442 ||| Stepping ~*~*~tactically~*~*~ (stealth).
 11459 | Lair:3   | 11459 ||| FLEEEEING.
 11460 | Lair:3   | 11460 ||| FLEEEEING.
 11461 | Lair:3   | 11461 ||| FLEEEEING.
 11462 | Lair:3   | 11462 ||| FLEEEEING.
 11463 | Lair:3   | 11463 ||| FLEEEEING.
 11481 | Lair:3   | 11481 ||| Stepping ~*~*~tactically~*~*~ (stealth).
 11482 | Lair:3   | 11482 ||| Stepping ~*~*~tactically~*~*~ (stealth).
 11731 | Lair:3   | 11731 ||| DROPPING +0 hat of Exiuw {Str+4 Int+3}.
 11732 | Lair:3   | 11732 ||| READING scroll labelled EPEMESA ZUPHA.
 11788 | Lair:4   | 11788 ||| INVOKING Heroism.
 11789 | Lair:4   | 11789 ||| INVOKING Finesse.
 11791 | Lair:4   | 11791 ||| Stepping ~*~*~tactically~*~*~ (stealth).
 11795 | Lair:4   | 11795 ||| SWAPPING to -2 demon whip of venom.
 11803 | Lair:4   | 11803 ||| Stepping ~*~*~tactically~*~*~ (stealth).
 11804 | Lair:4   | 11804 ||| Stepping ~*~*~tactically~*~*~ (stealth).
 11805 | Lair:4   | 11805 ||| Stepping ~*~*~tactically~*~*~ (stealth).
 11806 | Lair:4   | 11806 ||| Stepping ~*~*~tactically~*~*~ (stealth).
 11817 | Lair:4   | 11817 ||| SWAPPING to +0 spectral war axe.
 11860 | Lair:4   | 11860 ||| INVOKING Heroism.
 11975 | Lair:4   | 11975 ||| INVOKING Heroism.
 12008 | Lair:4   | 12008 ||| Stepping ~*~*~tactically~*~*~ (hiding).
 12020 | Lair:4   | 12020 ||| INVOKING Heroism.
 12185 | Lair:4   | 12185 ||| Stepping ~*~*~tactically~*~*~ (stealth).
 12352 | Lair:4   | Identified the +1 scale mail of Gozag's Supremacy {Dex+3}
 12587 | Lair:4   | 12587 ||| UPGRADING to +0 cloak.
 12610 | Lair:5   | Entered Level 5 of the Lair of Beasts
 12619 | Lair:5   | Identified the +1 leather armour of Classification {MP+9
                  | Str+5}
 12794 | Lair:5   | Found a viscous altar of Jiyva.
 12819 | Lair:5   | Found a staircase to the Slime Pits.
 12884 | Lair:5   | 12884 ||| Stepping ~*~*~tactically~*~*~ (stealth).
 12885 | Lair:5   | 12885 ||| Stepping ~*~*~tactically~*~*~ (stealth).
 12886 | Lair:5   | 12886 ||| INVOKING Heroism.
 12985 | Lair:5   | 12985 ||| INVOKING Heroism.
 13159 | Lair:5   | 13159 ||| INVOKING Heroism.
 13176 | Lair:5   | Reached skill level 14 in Axes
 13200 | Lair:5   | Received a gift from Okawaru
 13213 | Lair:5   | 13213 ||| Stepping ~*~*~tactically~*~*~ (water).
 13275 | Lair:5   | 13275 ||| Stepping ~*~*~tactically~*~*~ (stealth).
 13283 | Lair:5   | 13283 ||| Stepping ~*~*~tactically~*~*~ (stealth).
 13285 | Lair:5   | 13285 ||| Stepping ~*~*~tactically~*~*~ (stealth).
 13287 | Lair:5   | 13287 ||| INVOKING Heroism.
 13299 | Lair:5   | 13299 ||| Stepping ~*~*~tactically~*~*~ (stealth).
 13311 | Lair:5   | 13311 ||| Stepping ~*~*~tactically~*~*~ (hiding).
 13324 | Lair:5   | 13324 ||| Stepping ~*~*~tactically~*~*~ (stealth).
 13325 | Lair:5   | 13325 ||| Stepping ~*~*~tactically~*~*~ (stealth).
 13334 | Lair:5   | 13334 ||| Stepping ~*~*~tactically~*~*~ (stealth).
 13337 | Lair:5   | 13337 ||| Stepping ~*~*~tactically~*~*~ (stealth).
 13347 | Lair:5   | 13347 ||| Stepping ~*~*~tactically~*~*~ (stealth).
 13350 | Lair:5   | 13350 ||| INVOKING Heroism.
 13413 | Lair:5   | Received a gift from Okawaru
 13434 | Lair:5   | 13434 ||| INVOKING Heroism.
 13448 | Lair:5   | Noticed a fire dragon
 13454 | Lair:5   | Gained mutation: Your large and strong wings let you fly.
                  | [Gargoyle growth]
 13454 | Lair:5   | Reached XP level 14. HP: 90/90 MP: 21/21
 13467 | Lair:5   | Found a large runed translucent door.
 13472 | Lair:5   | Found a large runed translucent door.
 13848 | Lair:5   | 13848 ||| PLANNING D:1-11
 14012 | D:10     | Entered Level 10 of the Dungeon
 14019 | D:10     | 14019 ||| FLEEEEING.
 14020 | D:10     | 14020 ||| FLEEEEING.
 14022 | D:10     | 14022 ||| FLEEEEING.
 14023 | D:10     | 14023 ||| FLEEEEING.
 14024 | D:10     | 14024 ||| STAIRDANCE
 14130 | D:10     | 14130 ||| STAIRDANCE
 14134 | D:9      | 14134 ||| INVOKING Heroism.
 14179 | D:10     | 14179 ||| STAIRDANCE
 14194 | D:10     | Reached skill level 6 in Throwing
 14218 | D:10     | Received a gift from Okawaru
 14236 | D:10     | 14236 ||| Stepping ~*~*~tactically~*~*~ (hiding).
 14239 | D:10     | 14239 ||| Stepping ~*~*~tactically~*~*~ (hiding).
 14381 | D:10     | Found a radiant altar of Vehumet.
 14470 | D:10     | 14470 ||| Stepping ~*~*~tactically~*~*~ (hiding).
 14471 | D:10     | 14471 ||| Stepping ~*~*~tactically~*~*~ (hiding).
 14472 | D:10     | 14472 ||| Stepping ~*~*~tactically~*~*~ (hiding).
 14628 | D:10     | Found a sacrificial altar of Ru.
 14938 | D:10     | Found an ancient bone altar of Kikubaaqudgha.
 14939 | D:10     | Found a shimmering blue altar of Sif Muna.
 14996 | D:10     | Found a bloodstained altar of Trog.
 15190 | D:10     | 15190 ||| READING 2 scrolls labelled XUSEAV KUARR.
 15191 | D:10     | 15191 ||| READING scroll labelled WABLOR AGENI.
 15192 | D:10     | 15192 ||| DROPPING scroll of immolation.
 15240 | D:11     | 15240 ||| Stepping ~*~*~tactically~*~*~ (stealth).
 15303 | D:11     | 15303 ||| INVOKING Heroism.
 15387 | D:11     | Identified the +7 war axe of a volcano {flame, Dex+3}
 15389 | D:11     | 15389 ||| SWAPPING to +7 war axe of a volcano {flame,
                  | Dex+3}.
 15390 | D:11     | 15390 ||| DROPPING -2 demon whip of venom.
 15391 | D:11     | 15391 ||| DROPPING +0 morningstar.
 15494 | D:11     | Reached skill level 3 in Dodging
 15754 | D:11     | 15754 ||| PLANNING D
 15754 | D:11     | 15754 ||| UPGRADING to +2 kite shield.
 15764 | D:11     | 15764 ||| DROPPING +0 buckler.
 15765 | D:11     | 15765 ||| UPGRADING to +3 plate armour.
 15775 | D:11     | 15775 ||| DROPPING +0 plate armour.
 15776 | D:11     | 15776 ||| UPGRADING to +5 ring of evasion.
 15778 | D:11     | 15778 ||| DROPPING ring "Alloesmy" {rPois MP+9 Str+4
                  | Stlth-}.
 15880 | D:12     | 15880 ||| INVOKING Heroism.
 16136 | D:12     | 16136 ||| Stepping ~*~*~tactically~*~*~ (stealth).
 16137 | D:12     | 16137 ||| Stepping ~*~*~tactically~*~*~ (stealth).
 16173 | D:12     | Received a gift from Okawaru
 16228 | D:12     | Noticed a tengu reaver
 16310 | D:12     | 16310 ||| Stepping ~*~*~tactically~*~*~ (stealth).
 16313 | D:12     | 16313 ||| Stepping ~*~*~tactically~*~*~ (hiding).
 16314 | D:12     | 16314 ||| Stepping ~*~*~tactically~*~*~ (hiding).
 16526 | D:12     | 16526 ||| Stepping ~*~*~tactically~*~*~ (stealth).
 16527 | D:12     | 16527 ||| Stepping ~*~*~tactically~*~*~ (stealth).
 16531 | D:12     | 16531 ||| Stepping ~*~*~tactically~*~*~ (stealth).
 16532 | D:12     | 16532 ||| Stepping ~*~*~tactically~*~*~ (stealth).
 16535 | D:12     | 16535 ||| INVOKING Heroism.
 16539 | D:12     | HP: 22/90 [tengu reaver/+3 great sword of holy wrath (30)]
 16540 | D:12     | 16540 ||| READING 5 scrolls of teleportation.
 16540 | D:12     | Slain by a tengu reaver

Levels and vault maps discovered:
D:1:      dpeg_arrival_stone_temple_mockup, layout_loops_ring,
          grunt_decor_resistance
D:2:      cheibrodos_greedy_goblins, layout_basic,
          shapermc_ecumenical_altar_totnotflames, minmay_cut_off
D:3:      layout_rooms, uniq_terence
D:4:      layout_loops_ring, chei_slow_surprise, serial_shops, shop,
          minivault_1, nicolae_shop_distant_corner_stores
D:5:      layout_gridville, portal_sewer_entry_f
D:6:      layout_basic, mainiacjoe_overflow_six_doors_small, demons_altar,
          glass_columns_c
D:7:      layout_loops_ring, gammafunk_temple_overflow_claw,
          minmay_temple_entry_mini_moons, gammafunk_ghost_stat_death,
          serial_shops, shop
D:8:      layout_basic, lemuel_crystal_altar,
          lightli_ossuary_entry_decrepit_ruins, pf_guarded_unrand_meek
D:9:      layout_loops_ring, nicolae_overflow_squiral,
          grunt_lair_entry_orc_guard_hut, david_orc_2
D:10:     layout_basic, grunt_temple_overflow_magic_moments,
          nicolae_ru_awakened_eye, trog_butcher_becter,
          hangedman_abyss_or_decor_stagger, st_stairs_3
D:11:     layout_cave_pools, minmay_gold_behind_fungi
D:12:     layout_roguey, kennysheep_island_fort
Temple:   hellmonk_temple_two_chambers
Lair:1:   gammafunk_worm_tunnel, layout_hall_layers, lemuel_fruit_tree,
          uniq_amaemon, uniq_gastronok
Lair:2:   layout_regular_city, nicolae_swamp_entry_splash_gauntlet
Lair:3:   layout_roguey, dummy_snake_entry, chequers_serial_rivers_micro_b
Lair:4:   layout_roguey, serial_bayou_shore_a
Lair:5:   cheibrodos_lair_end_hotspot, layout_long_grid,
          nicolae_slime_entry_field_trip, serial_bayou_pond_e

Skill      XL: |  1  2  3  4  5  6  7  8  9 10 11 12 13 14 |
---------------+-------------------------------------------+-----
Axes           | 2 3 4 5 6 7 8 10 11 12 13 14 | 14.7
Throwing       | 1 2 3 4 5 6 |  6.0
Fighting       | 4 6 7 8 10 11 | 11.0
Armour         | 4 5 6 7 8 9 11 | 11.0
Dodging        | 1 2 3 |  3.2
Shields        | 4 5 6 7 8 |  8.7
Invocations    | 4 8 10 | 10.0

Action                     |  1- 3 |  4- 6 |  7- 9 | 10-12 | 13-15 || total
---------------------------+-------+-------+-------+-------+-------++-------
  Melee: War axe           |    79 |   130 |   352 |   299 |   450 ||  1310
         Demon whip        |       |       |       |     5 |    14 ||    19
  Throw: Javelin           |       |    17 |    71 |    52 |   136 ||   276
         Boomerang         |       |       |       |     6 |    40 ||    46
 Invoke: Heroism           |       |       |     1 |    21 |    14 ||    36
         Finesse           |       |       |       |     1 |     1 ||     2
    Use: Scroll            |     5 |     7 |     9 |     2 |     4 ||    27
         Potion            |       |     1 |     4 |       |       ||     5
   Stab: Distracted        |       |       |     1 |     5 |     6 ||    12
 Armour: Scale mail        |     9 |       |       |       |       ||     9
         Plate armour      |    35 |    75 |   223 |   126 |   176 ||   635
  Dodge: Dodged            |    20 |    39 |    88 |    73 |   116 ||   336
  Block: Buckler           |    10 |    15 |    56 |    50 |    51 ||   182
         Kite shield       |       |       |       |       |    35 ||    35

Table legend:
 A = Non-vault XP
 B = Vault XP
 C = Vault XP percentage of total XP
 D = Non-vault monster count
 E = Vault monster count
 F = Vault count percentage of total count
                 A         B        C        D         E       F
            +---------+---------+-------+---------+---------+-------
      Total |   55531 |   13673 |  19.8 |     373 |     152 |  29.0
            +---------+---------+-------+---------+---------+-------
        D:1 |      40 |       0 |   0.0 |      23 |       0 |   0.0
        D:2 |      70 |      28 |  28.6 |      20 |      14 |  41.2
        D:3 |     130 |      36 |  21.7 |      14 |       1 |   6.7
        D:4 |     324 |       0 |   0.0 |      17 |       0 |   0.0
        D:5 |     848 |       8 |   0.9 |      21 |       4 |  16.0
        D:6 |     869 |      40 |   4.4 |      18 |       1 |   5.3
        D:7 |    1103 |       0 |   0.0 |      18 |       0 |   0.0
        D:8 |     357 |     837 |  70.1 |       8 |      10 |  55.6
        D:9 |    3336 |    1188 |  26.3 |      17 |      12 |  41.4
       D:10 |    2255 |     427 |  15.9 |      31 |       5 |  13.9
       D:11 |    4361 |       0 |   0.0 |      34 |       0 |   0.0
       D:12 |    6008 |       0 |   0.0 |      21 |       0 |   0.0
     Lair:1 |    5050 |    2677 |  34.6 |      28 |       3 |   9.7
     Lair:2 |    9194 |    1048 |  10.2 |      27 |       4 |  12.9
     Lair:3 |    9576 |       0 |   0.0 |      30 |       0 |   0.0
     Lair:4 |    7117 |       0 |   0.0 |      23 |       0 |   0.0
     Lair:5 |    4893 |    6907 |  58.5 |      23 |      31 |  57.4
      Sewer |       0 |     209 | 100.0 |       0 |      28 | 100.0
    Ossuary |       0 |     268 | 100.0 |       0 |      39 | 100.0
            +---------+---------+-------+---------+---------+-------
